| TOP OF THE 1ST |
|
Scranton WB RailRiders batting - Pitching for Round Rock Express : RHP Jesse Lawlis
|
|
Pitching: RHP Jesse Lawlis
|
|
|
Batting: RHB Russ Shambaugh
|
0-0: SOLO HOME RUN (Flyball, 7D, EV 93.8 MPH), Distance : 368 ft
|
|
Batting: LHB Kazuyoshi Nakamura
|
0-0: Called Strike 0-1: Called Strike 0-2: Ball 1-2: Ground out 4-3 (Groundball, 4, EV 83.1 MPH)
|
|
Batting: RHB Scott King
|
0-0: Foul Ball, location: 2F 0-1: Ball 1-1: Reached on error, E6 (Groundball, 6, EV 83.1 MPH)
|
|
Batting: RHB Jarrod Joyce
|
0-0: Ball 1-0: Ball 2-0: Ground out 6-3 (Groundball, 6, EV 82.5 MPH) Scott King to third
|
|
Batting: RHB Jeremy Boerman
|
0-0: Called Strike 0-1: DOUBLE (Line Drive, 89D, EV 112.5 MPH) Scott King scores
|
|
Batting: RHB Pat Bernier
|
0-0: Ball 1-0: Called Strike 1-1: DOUBLE (Line Drive, 9LD, EV 111.3 MPH) Jeremy Boerman scores
|
|
Batting: LHB Justin Covington
|
0-0: Ball 1-0: Called Strike 1-1: Foul Ball, location: 2F 1-2: Ground out 2-3 (Groundball, 15S, EV 67.5 MPH)
|
| Top of the 1st over - 3 runs, 3 hits, 1 error, 1 left on base; Scranton WB 3 - Round Rock 0 |
| BOTTOM OF THE 1ST |
|
Round Rock Express batting - Pitching for Scranton WB RailRiders : LHP Nate Ciccarelli
|
|
Pitching: LHP Nate Ciccarelli
|
|
|
Batting: RHB Zhi-bin Ou-yang
|
0-0: Ball 1-0: Ball 2-0: Called Strike 2-1: Foul Ball, location: 2F 2-2: DOUBLE (Groundball, 5L, EV 103.1 MPH)
|
|
Batting: SHB David Simpson
|
0-0: Ball 1-0: Ball 2-0: Ball 3-0: Base on Balls
|
|
Batting: RHB Orlando Suarez
|
0-0: Ball 1-0: Swinging Strike 1-1: Ball 2-1: Swinging Strike 2-2: Ball 3-2: 3-RUN HOME RUN (Flyball, 8RXD, EV 103.8 MPH), Distance : 412 ft
|
|
Batting: RHB Jimmy Hammertime
|
0-0: Called Strike 0-1: Ball 1-1: Fly out, F8 (Line Drive, 8RM, EV 90.0 MPH)
|
|
Batting: RHB Jose Leon
|
0-0: Called Strike 0-1: Ball 1-1: Swinging Strike 1-2: Ground out 4-3 (Groundball, 4, EV 86.9 MPH)
|
|
Batting: RHB Ernie Weathersbee
|
0-0: Called Strike 0-1: Foul Ball, location: 2F 0-2: Ball 1-2: Strikes out swinging
|
| Bottom of the 1st over - 3 runs, 2 hits, 0 errors, 0 left on base; Scranton WB 3 - Round Rock 3 |
| TOP OF THE 2ND |
|
Scranton WB RailRiders batting - Pitching for Round Rock Express : RHP Jesse Lawlis
|
|
Batting: LHB Frank Mullen
|
0-0: Swinging Strike 0-1: Ground out 6-3 (Groundball, 6, EV 83.8 MPH)
|
|
Batting: SHB Cristiano Serrão
|
0-0: Ball 1-0: Fly out, F7 (Flyball, 78M, EV 89.4 MPH)
|
|
Batting: RHB Russ Shambaugh
|
0-0: Swinging Strike 0-1: Ball 1-1: Ball 2-1: Ground out 5-3 (Groundball, 56S, EV 69.4 MPH)
|
| Top of the 2nd over - 0 runs, 0 hits, 0 errors, 0 left on base; Scranton WB 3 - Round Rock 3 |
| BOTTOM OF THE 2ND |
|
Round Rock Express batting - Pitching for Scranton WB RailRiders : LHP Nate Ciccarelli
|
|
Batting: LHB Pauli Gassinger
|
0-0: Ball 1-0: Ball 2-0: TRIPLE (Flyball, 9D, EV 96.3 MPH)
|
|
Batting: SHB Johnny Stables
|
0-0: SINGLE (Flyball, 89S, EV 99.4 MPH) Pauli Gassinger scores
|
|
Batting: RHB Dennis Daniels
|
0-0: Ball 1-0: DOUBLE (Flyball, 78D, EV 96.9 MPH) Johnny Stables to third
|
|
Batting: RHB Zhi-bin Ou-yang
|
0-0: Ball 1-0: Foul Ball, location: 2F 1-1: Ground out 4-3 (Groundball, 4, EV 88.1 MPH) Johnny Stables scores Dennis Daniels to third
|
|
Batting: SHB David Simpson
|
0-0: Called Strike 0-1: Ball 1-1: Ball 2-1: SINGLE (Line Drive, 89M, EV 106.9 MPH) Dennis Daniels scores
|
|
Pitching: LHP Cody Kane
|
|
|
Batting: RHB Orlando Suarez
|
0-0: Called Strike 0-1: Ball David Simpson is caught stealing 2nd base 2-4 1-1: Swinging Strike 1-2: Fly out, F4 (Popup, 4, EV 74.4 MPH)
|
| Bottom of the 2nd over - 3 runs, 4 hits, 0 errors, 0 left on base; Scranton WB 3 - Round Rock 6 |
| TOP OF THE 3RD |
|
Scranton WB RailRiders batting - Pitching for Round Rock Express : RHP Jesse Lawlis
|
|
Batting: LHB Kazuyoshi Nakamura
|
0-0: Ball 1-0: Called Strike 1-1: Ball 2-1: Foul Ball, location: 2F 2-2: Strikes out swinging
|
|
Batting: RHB Scott King
|
0-0: Ball 1-0: SINGLE (Flyball, 5D, EV 86.9 MPH)
|
|
Batting: RHB Jarrod Joyce
|
0-0: Ball 1-0: Fly out, F3 (Popup, 3SF, EV 86.9 MPH)
|
|
Batting: RHB Jeremy Boerman
|
0-0: Called Strike 0-1: Ball 1-1: Ball 2-1: SINGLE (Groundball, P, EV 85.0 MPH) (infield hit) Scott King to second
|
|
Batting: RHB Pat Bernier
|
Balk! Scott King to third Jeremy Boerman to second 0-0: Ground out 4-3 (Groundball, 4, EV 103.1 MPH)
|
| Top of the 3rd over - 0 runs, 2 hits, 0 errors, 2 left on base; Scranton WB 3 - Round Rock 6 |
| BOTTOM OF THE 3RD |
|
Round Rock Express batting - Pitching for Scranton WB RailRiders : LHP Cody Kane
|
|
Batting: RHB Jimmy Hammertime
|
0-0: Ground out 5-3 (Groundball, 56S, EV 65.0 MPH)
|
|
Batting: RHB Jose Leon
|
0-0: Fly out, F8 (Flyball, 8LD, EV 101.9 MPH)
|
|
Batting: RHB Ernie Weathersbee
|
0-0: Called Strike 0-1: Ground out 5-3 (Groundball, 56S, EV 86.9 MPH)
|
| Bottom of the 3rd over - 0 runs, 0 hits, 0 errors, 0 left on base; Scranton WB 3 - Round Rock 6 |
| TOP OF THE 4TH |
|
Scranton WB RailRiders batting - Pitching for Round Rock Express : RHP Jesse Lawlis
|
|
Batting: LHB Justin Covington
|
0-0: Foul Ball, location: 2F 0-1: Ball 1-1: Called Strike 1-2: Ground out 6-3 (Groundball, 6M, EV 108.1 MPH)
|
|
Batting: LHB Frank Mullen
|
0-0: SOLO HOME RUN (Flyball, 89XD, EV 98.8 MPH), Distance : 397 ft
|
|
Batting: SHB Cristiano Serrão
|
0-0: Ground out 4-3 (Groundball, 4D, EV 98.8 MPH)
|
|
Batting: RHB Russ Shambaugh
|
0-0: Called Strike 0-1: Ball 1-1: SINGLE (Groundball, 6S, EV 74.4 MPH) (infield hit)
|
|
Batting: LHB Kazuyoshi Nakamura
|
0-0: Ball Russ Shambaugh steals 2nd base 1-0: Ball 2-0: Swinging Strike 2-1: Ball 3-1: Swinging Strike 3-2: Strikes out swinging
|
| Top of the 4th over - 1 run, 2 hits, 0 errors, 1 left on base; Scranton WB 4 - Round Rock 6 |
| BOTTOM OF THE 4TH |
|
Round Rock Express batting - Pitching for Scranton WB RailRiders : LHP Cody Kane
|
|
Batting: LHB Pauli Gassinger
|
0-0: Called Strike 0-1: Ball 1-1: Foul Ball, location: 2F 1-2: Ball 2-2: Ground out 5-3 (Groundball, 56S, EV 90.0 MPH)
|
|
Batting: SHB Johnny Stables
|
0-0: Reached via error on a dropped throw from 3B, E3 (Groundball, 15, EV 91.9 MPH)
|
|
Batting: RHB Dennis Daniels
|
0-0: Ball 1-0: Ball 2-0: Called Strike 2-1: Foul Ball, location: 2F 2-2: Foul Ball, location: 2F 2-2: Fly out, F9 (Flyball, 9, EV 86.9 MPH)
|
|
Batting: RHB Zhi-bin Ou-yang
|
Pickoff Throw to First - Error! E1 Johnny Stables to second 0-0: Ball 1-0: SINGLE (Flyball, 4MD, EV 91.3 MPH) Johnny Stables to third
|
|
Batting: SHB David Simpson
|
0-0: Ball 1-0: Ball 2-0: Foul Ball, location: 2F 2-1: SINGLE (Groundball, 4M, EV 88.1 MPH) (infield hit) Johnny Stables scores Zhi-bin Ou-yang to second
|
|
Batting: RHB Orlando Suarez
|
0-0: Fielders Choice at 2nd, 6-4 (Groundball, 6, EV 89.4 MPH)
|
| Bottom of the 4th over - 1 run, 2 hits, 2 errors, 2 left on base; Scranton WB 4 - Round Rock 7 |
| TOP OF THE 5TH |
|
Scranton WB RailRiders batting - Pitching for Round Rock Express : RHP Jesse Lawlis
|
|
Batting: RHB Scott King
|
0-0: Ground out 1-3 (Groundball, 13, EV 68.8 MPH)
|
|
Batting: RHB Jarrod Joyce
|
0-0: Called Strike 0-1: Ball 1-1: Fly out, F9 (Flyball, 9LM, EV 86.9 MPH)
|
|
Batting: RHB Jeremy Boerman
|
0-0: Called Strike 0-1: Ball 1-1: Ball 2-1: Foul Ball, location: 2F 2-2: Fly out, F8 (Line Drive, 8LD, EV 96.3 MPH)
|
| Top of the 5th over - 0 runs, 0 hits, 0 errors, 0 left on base; Scranton WB 4 - Round Rock 7 |
| BOTTOM OF THE 5TH |
|
Round Rock Express batting - Pitching for Scranton WB RailRiders : LHP Cody Kane
|
|
Batting: RHB Jimmy Hammertime
|
0-0: Ball 1-0: Ground out 6-3 (Groundball, 6, EV 88.8 MPH)
|
|
Batting: RHB Jose Leon
|
0-0: Ball 1-0: Ball 2-0: Foul Ball, location: 2F 2-1: Foul Ball, location: 2F 2-2: Ball 3-2: Strikes out looking
|
|
Batting: RHB Ernie Weathersbee
|
0-0: Ball 1-0: SINGLE (Groundball, 6MD, EV 98.8 MPH)
|
|
Batting: LHB Pauli Gassinger
|
0-0: Ball 1-0: Foul Ball, location: 2F 1-1: Called Strike Ernie Weathersbee steals 2nd base 1-2: Strikes out swinging
|
| Bottom of the 5th over - 0 runs, 1 hit, 0 errors, 1 left on base; Scranton WB 4 - Round Rock 7 |
| TOP OF THE 6TH |
|
Scranton WB RailRiders batting - Pitching for Round Rock Express : RHP Jesse Lawlis
|
|
Batting: RHB Pat Bernier
|
0-0: Ground out 1-3 (Groundball, 13S, EV 67.5 MPH)
|
|
Batting: LHB Justin Covington
|
0-0: Called Strike 0-1: Called Strike 0-2: SINGLE (Groundball, 34D, EV 102.5 MPH)
|
|
Batting: LHB Frank Mullen
|
0-0: Ball 1-0: Called Strike Justin Covington steals 2nd base 1-1: Called Strike 1-2: Fly out, F6 (Line Drive, 6, EV 77.5 MPH)
|
|
Batting: SHB Cristiano Serrão
|
0-0: Ball 1-0: Ground out 4-3 (Groundball, 4, EV 103.1 MPH)
|
| Top of the 6th over - 0 runs, 1 hit, 0 errors, 1 left on base; Scranton WB 4 - Round Rock 7 |
| BOTTOM OF THE 6TH |
|
Round Rock Express batting - Pitching for Scranton WB RailRiders : LHP Cody Kane
|
|
Batting: SHB Johnny Stables
|
0-0: Ball 1-0: Fly out, F7 (Line Drive, 7, EV 105.6 MPH)
|
|
Batting: RHB Dennis Daniels
|
0-0: Ball 1-0: Called Strike 1-1: Ground out 5-3 (Groundball, 56S, EV 68.1 MPH)
|
|
Pitching: RHP Justin Byrne
|
|
|
Batting: RHB Zhi-bin Ou-yang
|
0-0: Ground out 5-3 (Groundball, 56S, EV 81.3 MPH)
|
| Bottom of the 6th over - 0 runs, 0 hits, 0 errors, 0 left on base; Scranton WB 4 - Round Rock 7 |
| TOP OF THE 7TH |
|
Scranton WB RailRiders batting - Pitching for Round Rock Express : RHP Jesse Lawlis
|
|
Batting: RHB Russ Shambaugh
|
0-0: Ball 1-0: Foul Ball, location: 2F 1-1: Ground out 5-3 (Groundball, P, EV 80.0 MPH)
|
|
Batting: LHB Kazuyoshi Nakamura
|
0-0: Called Strike 0-1: Ball 1-1: Fly out, F9 (Line Drive, 9D, EV 93.8 MPH)
|
|
Batting: RHB Scott King
|
0-0: Called Strike 0-1: Ball 1-1: Ball 2-1: Ball 3-1: Called Strike 3-2: Foul Ball, location: 2F 3-2: Base on Balls
|
|
Batting: RHB Jarrod Joyce
|
0-0: Ball 1-0: Ball Scott King steals 2nd base 2-0: Ball 3-0: Foul Ball, location: 2F 3-1: Called Strike 3-2: SINGLE (Groundball, 6MD, EV 94.4 MPH) Scott King to third Runner from 3rd tries for Home, SAFE, throw by CF to home
|
|
Pitching: RHP Luis Guerrero
|
|
|
Batting: RHB Jeremy Boerman
|
0-0: DOUBLE (Flyball, 89XD, EV 115.0 MPH) Jarrod Joyce to third Runner from 3rd tries for Home, SAFE, throw by RF to home
|
|
Batting: RHB Pat Bernier
|
0-0: Ball 1-0: Swinging Strike 1-1: Foul Ball, location: 2F 1-2: Ball 2-2: Ball 3-2: Base on Balls
|
|
Batting: LHB Justin Covington
|
0-0: Ground out 4-3 (Groundball, 4M, EV 102.5 MPH)
|
| Top of the 7th over - 2 runs, 2 hits, 0 errors, 2 left on base; Scranton WB 6 - Round Rock 7 |
| BOTTOM OF THE 7TH |
|
Round Rock Express batting - Pitching for Scranton WB RailRiders : RHP Justin Byrne
|
|
Batting: SHB David Simpson
|
0-0: Ball 1-0: Ground out 5-3 (Groundball, 56, EV 104.4 MPH)
|
|
Batting: RHB Orlando Suarez
|
0-0: Ball 1-0: Called Strike 1-1: Foul Ball, location: 2F 1-2: Ball 2-2: Fly out, F4 (Popup, 23, EV 90.0 MPH)
|
|
Batting: RHB Jimmy Hammertime
|
0-0: Ball 1-0: Swinging Strike 1-1: SINGLE (Groundball, 4D, EV 96.9 MPH)
|
|
Batting: RHB Jose Leon
|
0-0: Ball 1-0: Ground out 4-3 (Groundball, 34, EV 105.0 MPH)
|
| Bottom of the 7th over - 0 runs, 1 hit, 0 errors, 1 left on base; Scranton WB 6 - Round Rock 7 |
| TOP OF THE 8TH |
|
Scranton WB RailRiders batting - Pitching for Round Rock Express : RHP Luis Guerrero
|
|
Batting: LHB Frank Mullen
|
0-0: Fly out, F7 (Flyball, 7S, EV 88.8 MPH)
|
|
Batting: SHB Cristiano Serrão
|
0-0: Called Strike 0-1: Ball 1-1: Swinging Strike 1-2: Strikes out looking
|
|
Batting: RHB Russ Shambaugh
|
0-0: Called Strike 0-1: Ball 1-1: Fly out, F8 (Flyball, 8LXD, EV 112.5 MPH)
|
| Top of the 8th over - 0 runs, 0 hits, 0 errors, 0 left on base; Scranton WB 6 - Round Rock 7 |
| BOTTOM OF THE 8TH |
|
Round Rock Express batting - Pitching for Scranton WB RailRiders : RHP Justin Byrne
|
|
Batting: RHB Ernie Weathersbee
|
0-0: Called Strike 0-1: Ball 1-1: Ball 2-1: Foul Ball, location: 2F 2-2: Ball 3-2: Fly out, F9 (Line Drive, 9, EV 86.3 MPH)
|
|
Batting: LHB Pauli Gassinger
|
0-0: Foul Ball, location: 2F 0-1: Foul Ball, location: 2F 0-2: Ball 1-2: Strikes out looking
|
|
Batting: SHB Johnny Stables
|
0-0: Called Strike 0-1: Ball 1-1: Ball 2-1: Ball 3-1: Swinging Strike 3-2: Base on Balls
|
|
Batting: RHB Dennis Daniels
|
0-0: Called Strike Johnny Stables steals 2nd base (no throw) 0-1: Ball 1-1: Ball 2-1: Ball 3-1: Foul Ball, location: 2F 3-2: Strikes out swinging
|
| Bottom of the 8th over - 0 runs, 0 hits, 0 errors, 1 left on base; Scranton WB 6 - Round Rock 7 |
| TOP OF THE 9TH |
|
Scranton WB RailRiders batting - Pitching for Round Rock Express : RHP Luis Guerrero
|
|
Pitching: LHP Dennis French
|
|
|
Pinch Hitting: RHB Neal Tinoco
|
0-0: Ball 1-0: SINGLE (Groundball, 6MD, EV 106.9 MPH)
|
|
Batting: RHB Scott King
|
0-0: SINGLE (Line Drive, 89D, EV 111.3 MPH) Neal Tinoco to second Runner from 2nd tries for 3rd, SAFE, throw by CF made to third Scott King to second
|
|
Batting: RHB Jarrod Joyce
|
0-0: Ball 1-0: Ground out 5-3 (Groundball, 5, EV 90.6 MPH)
|
|
Batting: RHB Jeremy Boerman
|
0-0: Called Strike 0-1: SINGLE (Groundball, 56, EV 94.4 MPH) Neal Tinoco scores Scott King to third Runner from 3rd tries for Home, SAFE, throw by LF to home Jeremy Boerman to second
|
|
Batting: RHB Pat Bernier
|
0-0: Intentional Walk
|
|
Batting: LHB Justin Covington
|
0-0: Called Strike 0-1: SINGLE (Groundball, 56, EV 96.3 MPH) Jeremy Boerman to third Pat Bernier to second Runner from 3rd tries for Home, SAFE, throw by LF to home
|
|
Batting: LHB Frank Mullen
|
0-0: Called Strike 0-1: Ball 1-1: Swinging Strike 1-2: Ball 2-2: Fly out, F6 (Flyball, 56D, EV 91.3 MPH)
|
|
Batting: SHB Cristiano Serrão
|
0-0: Ball 1-0: Called Strike 1-1: Called Strike 1-2: Ball 2-2: Fly out, F3 (Popup, 3SF, EV 69.4 MPH)
|
| Top of the 9th over - 3 runs, 4 hits, 0 errors, 2 left on base; Scranton WB 9 - Round Rock 7 |
| BOTTOM OF THE 9TH |
|
Round Rock Express batting - Pitching for Scranton WB RailRiders : RHP Justin Byrne
|
|
Pitching: RHP Tom Kelley
|
|
|
Now in RF: Brad Ritter
|
|
|
Batting: RHB Zhi-bin Ou-yang
|
0-0: Called Strike 0-1: Fly out, F7 (Flyball, 7, EV 90.6 MPH)
|
|
Batting: SHB David Simpson
|
0-0: Ball 1-0: Ball 2-0: Swinging Strike 2-1: Fly out, F9 (Line Drive, 9, EV 102.5 MPH)
|
|
Pinch Hitting: LHB Jeff Densmore
|
0-0: Ground out U3 (Groundball, 3, EV 104.4 MPH)
|
| Bottom of the 9th over - 0 runs, 0 hits, 0 errors, 0 left on base; Scranton WB 9 - Round Rock 7 |
|